 Dungeon Crawl Stone Soup version 0.26-a0-665-gefeb406119 (webtiles) character file.

Game seed: 12059595833681013398

68868 lunkers the Basher (level 15, -19/95 HPs)
             Began as a Kobold Berserker on Oct 13, 2020.
             Was the Champion of Trog.
             Demolished by an orc warlord
             ... wielding a +0 bardiche
              (32 damage)
             ... on level 1 of the Orcish Mines on Oct 14, 2020.
             The game lasted 00:41:25 (26088 turns).

lunkers the Basher (Kobold Berserker)              Turns: 26088, Time: 00:41:26

Health: -19/95     AC: 13    Str: 15    XL:     15   Next: 71%
Magic:  15/15      EV: 24    Int: 11    God:    Trog [******]
Gold:   1836       SH: 12    Dex: 22    Spells: 14/14 levels left

rFire    + . .     SeeInvis .   b - +7 flail "Langu" {freeze, rPois MR++ Int+2 Dex+2}
rCold    + . .     Faith    .   O - +0 buckler
rNeg     . . .     Spirit   .   K - +0 ring mail {rF+}
rPois    +         Reflect  +   I - +0 helmet
rElec    .         Harm     .   W - +0 cloak
rCorr    .         Rampage  .   U - +0 pair of gloves
MR       +++..                  (no boots)
Stlth    +++++.....             Q - amulet of reflection
HPRegen  0.25/turn              f - +4 ring of protection
MPRegen  0.14/turn              r - ring of protection from cold

@: berserk cooldown, slowed, very slow
A: small, nightstalker 3
a: Berserk, Trog's Hand, Brothers in Arms, Renounce Religion


You were on level 1 of the Orcish Mines.
You worshipped Trog.
Trog was exalted by your worship.
You visited 3 branches of the dungeon, and saw 19 of its levels.

You collected 1836 gold pieces.

Inventory:

Hand Weapons
 a - a +2 dagger of electrocution
 b - the +7 flail "Langu" (weapon) {freeze, rPois MR++ Int+2 Dex+2}
   (You took it off an orc warrior on level 9 of the Dungeon)

   It has been specially enchanted to freeze those struck by it, causing extra
   injury to most foes and up to half again as much damage against particularly
   susceptible opponents.
   It can also slow down cold-blooded creatures.
   It affects your intelligence (+2).
   It affects your dexterity (+2).
   It protects you from poison.
   It affects your resistance to hostile enchantments.
 h - a +5 short sword of flaming
 i - a cursed +4 morningstar of protection
 Y - the +6 short sword "Xyxepp" {vorpal, Dex+2}
   (Trog gifted it to you on level 2 of the Lair of Beasts)

   It inflicts extra damage upon your enemies.
   It affects your dexterity (+2).
Missiles
 l - 3 throwing nets {=f}
 v - 4 curare-tipped darts
 F - 5 poisoned darts (quivered)
Armour
 B - the cursed +1 ring mail of Greater Demons {Str+2}
   (You found it on level 6 of the Lair of Beasts)

   It affects your strength (+2).
   It has a curse placed upon it.
 I - a +0 helmet (worn)
 K - a +0 ring mail of fire resistance (worn)
 O - a +0 buckler (worn)
 U - a +0 pair of gloves (worn)
 W - a +0 cloak (worn)
Jewellery
 f - a +4 ring of protection (left hand)
 r - a ring of protection from cold (right hand)
 Q - an amulet of reflection (around neck)
 R - an uncursed ring of stealth
Wands
 d - a wand of disintegration (53)
 x - a wand of polymorph (14)
 y - a wand of random effects (14)
 D - a wand of acid (38)
 J - a wand of digging (3)
 M - a wand of iceblast (32)
 N - a wand of flame (60)
 P - a wand of paralysis (15)
Scrolls
 k - 16 scrolls of remove curse
 m - 3 scrolls of teleportation
 s - 3 scrolls of fog
 t - 2 scrolls of enchant weapon
 w - 5 scrolls of blinking
 C - 7 scrolls of magic mapping
 T - 5 scrolls of identify
Potions
 c - 4 potions of lignification
 e - 2 potions of resistance
 g - a potion of cancellation
 j - 6 potions of haste
 n - 2 potions of might
 o - 4 potions of invisibility
 p - 17 potions of curing
 q - 3 potions of heal wounds
 u - 2 potions of flight
 z - 3 potions of mutation
 A - a potion of berserk rage
 H - a potion of ambrosia
 S - a potion of stabbing
Miscellaneous
 L - a lightning rod (4/4)


   Skills:
 + Level 11.6 Fighting
 - Level 10.0 Short Blades
 - Level 14.0 Maces & Flails
 - Level 5.0 Armour
 + Level 12.2 Dodging
 - Level 10.3 Stealth
 - Level 5.6 Shields
 + Level 11.3 Evocations


You had 14 spell levels left.
You didn't know any spells.
Your spell library was empty.

Dungeon Overview and Level Annotations

Branches:
Dungeon (12/15)            Temple (0/1) D:6            Lair (6/6) D:11
 Shoals (0/4) Lair:3       Spider (0/4) Lair:3        Slime (0/5) Lair:5
    Orc (1/2) D:11

Altars:
Ashenzari
Cheibriados
Elyvilon
Hepliaklqana
Kikubaaqudgha
Qazlal
Ru
Sif Muna
Trog
Vehumet
Yredelemnul
The Shining One


Innate Abilities, Weirdness & Mutations

You are small and have problems with some larger weapons.
You are completely attuned to the shadows.


Message History

* * * LOW HITPOINT WARNING * * *
You sock the orc warlord! You freeze the orc warlord.
The orc warlord is almost dead.
The ogre misses you.
You hit the orc warlord but do no damage.
The orc warlord is almost dead.
You block the ogre's attack. You block the orc warlord's attack.
You hit the orc warlord but do no damage.
The orc warlord is almost dead.
You block the ogre's attack.
The orc warlord hits you with a +0 bardiche!!
* * * LOW HITPOINT WARNING * * *
Evoke which item? (* to show all) (? for menu, Esc to quit)
Aiming: Corrosive Bolt
Press: ? - help, Shift-Dir - straight line, f - orc warlord
Aim: an orc warlord, wielding a +0 bardiche and wearing a +2 plate armour of fire resistance (almost dead)
The bolt of acid misses the orc warlord.
The ogre completely misses you.
The orc warlord hits you with a +0 bardiche!!
You die...

#.........##
...........#
#.........##
#........##
#...)...##
....))[##
....#.##
...#.##
...)@)#
...#Oo#
.##.....
#..(....
#.......


You could see an orc warlord and an ogre.

Vanquished Creatures
  Rupert (Lair:3)
  Gastronok (Lair:2)
  Kirke (Lair:6)
  An entropy weaver (Lair:5)
  Snorg (Lair:3)
  Erolcha (D:12)
  5 catoblepae
  10 hydras
  A queen ant (Lair:5)
  3 two-headed ogres
  6 death yaks (Lair:6)
  A fire crab (Lair:6)
  3 unseen horrors
  An orc knight (Orc:1)
  2 cyclopes
  2 ugly things
  2 manticores (Lair:6)
  10 elephants
  Psyche (D:10)
  8 black mambas
  11 cane toads
  9 komodo dragons
  2 rime drakes
  2 trolls
  3 polar bears
  13 blink frogs
  Grinder (D:6)
  5 slime creatures (D:12)
  5 dream sheep (Lair:5)
  A snapping turtle (Lair:3)
  A spriggan (Lair:3)
  Eustachio (D:4)
  2 redbacks (Lair:3)
  2 wraiths
  A wyvern (Lair:5)
  51 yaks
  5 basilisks
  2 hogs (Lair:6)
  Grum (Lair:1)
  5 soldier ants (Lair:5)
  Menkaure (D:4)
  15 water moccasins
  11 ice beasts
  4 sky beasts
  2 eyes of draining
  2 black bears
  13 orc warriors
  3 phantoms
  2 necrophages
  7 ogres
  8 wolves
  4 centaurs
  A big kobold (D:6)
  Blork the orc (D:4)
  20 bullfrogs
  A wyvern zombie (D:6)
  A wyvern skeleton (D:9)
  3 scorpions
  2 water moccasin skeletons
  4 killer bees (D:7)
  An electric eel (Lair:1)
  8 wights
  11 howler monkeys
  A quasit (D:11)
  2 bullfrog zombies
  A centaur zombie (D:8)
  4 centaur skeletons
  An iron imp (D:7)
  7 hounds
  8 jellies
  12 orc priests
  20 orc wizards
  Jessica (D:3)
  An iguana (D:7)
  Natasha (D:2)
  18 worker ants
  10 hell rats
  4 hound skeletons
  A mummy (D:8)
  A howler monkey zombie (D:5)
  A worker ant zombie (D:10)
  4 gnolls (Orc:1)
  A howler monkey skeleton (D:8)
  16 river rats
  14 adders
  A shadow imp (D:4)
  4 white imps
  2 ufetubi (D:9)
  2 oozes (Lair:5)
  2 adder skeletons
  7 worms
  2 dart slugs
  9 leopard geckos
  91 orcs
  A ball python (D:1)
  6 giant cockroaches
  8 goblins
  9 hobgoblins
  14 jackals
  11 quokkas
  6 bats
  A frilled lizard (D:3)
  A goblin skeleton (D:7)
  4 hobgoblin zombies
  A jackal skeleton (D:4)
  A jackal zombie (D:5)
  15 kobolds
  A kobold skeleton (D:7)
  2 kobold zombies
  A leopard gecko zombie (D:7)
  4 orc zombies (D:7)
  18 rats
662 creatures vanquished.

Vanquished Creatures (others)
  A polar bear (Lair:6)
  2 humans (Lair:6)
  43 fungi
  51 plants
  5 withered plants (D:6)
102 creatures vanquished.

Grand Total: 764 creatures vanquished

Notes
Turn   | Place    | Note
-------+----------+-------------------------------------------
     0 | D:1      | lunkers the Kobold Berserker began the quest for the Orb.
     0 | D:1      | Reached XP level 1. HP: 14/14 MP: 1/1
   249 | D:1      | Reached XP level 2. HP: 19/19 MP: 2/2
   363 | D:1      | Reached skill level 1 in Stealth
   724 | D:1      | Reached XP level 3. HP: 22/23 MP: 3/3
  1401 | D:2      | Reached ** piety under Trog
  1622 | D:2      | Reached skill level 5 in Short Blades
  1622 | D:2      | Reached XP level 4. HP: 28/29 MP: 4/4
  1787 | D:2      | Noticed Natasha
  1805 | D:2      | Killed Natasha
  1856 | D:2      | Found a bloodstained altar of Trog.
  1999 | D:2      | Reached XP level 5. HP: 33/33 MP: 5/5
  2584 | D:3      | Found a hazy altar of Hepliaklqana.
  2883 | D:3      | Reached XP level 6. HP: 38/38 MP: 6/6
  2986 | D:3      | Reached *** piety under Trog
  3066 | D:3      | Found a stormy altar of Qazlal.
  3066 | D:3      | Found a basalt altar of Yredelemnul.
  3116 | D:3      | Noticed Jessica
  3120 | D:3      | Killed Jessica
  3519 | D:4      | Found a broken altar of Ashenzari.
  3645 | D:4      | Reached XP level 7. HP: 44/44 MP: 7/7
  3673 | D:4      | Noticed Blork the orc
  3677 | D:4      | Killed Blork the orc
  3730 | D:4      | Found a snail-covered altar of Cheibriados.
  3732 | D:4      | Noticed Eustachio
  3737 | D:4      | Killed Eustachio
  3737 | D:4      | Reached skill level 5 in Fighting
  3877 | D:4      | Noticed Menkaure
  3879 | D:4      | Killed Menkaure
  3879 | D:4      | Reached skill level 5 in Dodging
  3879 | D:4      | Reached skill level 5 in Stealth
  3879 | D:4      | Reached XP level 8. HP: 49/49 MP: 8/8
  3954 | D:4      | Reached **** piety under Trog
  4276 | D:5      | Entered Level 5 of the Dungeon
  4994 | D:5      | Found a radiant altar of Vehumet.
  5501 | D:6      | Noticed Grinder
  5503 | D:6      | Killed Grinder
  5503 | D:6      | Reached XP level 9. HP: 55/55 MP: 9/9
  5629 | D:6      | Reached ***** piety under Trog
  5638 | D:6      | Reached skill level 10 in Short Blades
  5875 | D:6      | Found an ancient bone altar of Kikubaaqudgha.
  6075 | D:6      | Noticed a brown ugly thing
  6079 | D:6      | Killed a brown ugly thing
  6280 | D:6      | Found a staircase to the Ecumenical Temple.
  6329 | D:7      | Found a sacrificial altar of Ru.
  6353 | D:7      | Found a shimmering blue altar of Sif Muna.
  6491 | D:7      | Found a glowing golden altar of the Shining One.
  6496 | D:7      | Killed an unseen horror
  6496 | D:7      | Reached XP level 10. HP: 34/64 MP: 4/10
  6834 | D:7      | Reached skill level 1 in Evocations
  7251 | D:7      | Reached skill level 10 in Stealth
  7366 | D:7      | Found a white marble altar of Elyvilon.
  8121 | D:8      | Received a gift from Trog
  8200 | D:8      | Reached skill level 1 in Maces & Flails
  8808 | D:9      | Reached skill level 2 in Maces & Flails
  9193 | D:9      | Reached skill level 3 in Maces & Flails
  9303 | D:9      | Reached XP level 11. HP: 69/69 MP: 11/11
  9353 | D:9      | Noticed a two-headed ogre
  9365 | D:9      | Killed a two-headed ogre
  9365 | D:9      | Reached skill level 4 in Maces & Flails
  9365 | D:9      | Reached skill level 5 in Evocations
  9542 | D:9      | Noticed a two-headed ogre
  9546 | D:9      | Killed a two-headed ogre
  9546 | D:9      | Reached skill level 5 in Maces & Flails
  9729 | D:9      | Noticed a five-headed hydra
  9747 | D:9      | Killed a five-headed hydra
  9747 | D:9      | Reached skill level 6 in Maces & Flails
  9750 | D:9      | Identified the +7 flail "Langu" {freeze, rPois MR++ Int+2
                  | Dex+2}
  9767 | D:9      | Identified the +10 long sword of the Endless Artisans
                  | {freeze, Str+5}
 10424 | D:10     | Entered Level 10 of the Dungeon
 10480 | D:10     | Noticed a two-headed ogre
 10488 | D:10     | Killed a two-headed ogre
 10488 | D:10     | Reached skill level 7 in Maces & Flails
 11140 | D:10     | Noticed Psyche
 11148 | D:10     | Killed Psyche
 11327 | D:10     | Killed an unseen horror
 11327 | D:10     | Reached skill level 8 in Maces & Flails
 11734 | D:11     | Reached XP level 12. HP: 71/75 MP: 9/12
 11837 | D:11     | Received a gift from Trog
 11956 | D:11     | Noticed an eight-headed hydra
 11964 | D:11     | Killed an eight-headed hydra
 11964 | D:11     | Reached skill level 1 in Shields
 12249 | D:11     | Found a staircase to the Lair.
 12265 | D:11     | Reached skill level 9 in Maces & Flails
 12541 | D:11     | Found a staircase to the Orcish Mines.
 12697 | D:11     | Killed an unseen horror
 13601 | D:12     | Noticed a seven-headed hydra
 13609 | D:12     | Killed a seven-headed hydra
 13609 | D:12     | Reached skill level 10 in Maces & Flails
 13847 | D:12     | Noticed a five-headed hydra
 13855 | D:12     | Killed a five-headed hydra
 14110 | D:12     | Noticed Erolcha
 14118 | D:12     | Killed Erolcha
 14292 | D:12     | Received a gift from Trog
 15134 | D:12     | Reached skill level 11 in Maces & Flails
 15134 | D:12     | Reached XP level 13. HP: 79/79 MP: 13/13
 15146 | D:12     | Reached ****** piety under Trog
 15349 | Lair:1   | Entered Level 1 of the Lair of Beasts
 15431 | Lair:1   | Reached skill level 5 in Shields
 15742 | Lair:1   | Noticed Grum
 15744 | Lair:1   | Noticed a seven-headed hydra
 15753 | Lair:1   | Killed a seven-headed hydra
 15761 | Lair:1   | Killed Grum
 16150 | Lair:1   | Reached skill level 12 in Maces & Flails
 16646 | Lair:2   | Received a gift from Trog
 16654 | Lair:2   | Got a faintly glowing short sword {god gift}
 16910 | Lair:2   | Noticed Gastronok
 16922 | Lair:2   | Killed Gastronok
 17355 | Lair:2   | Noticed a seven-headed hydra
 17361 | Lair:2   | Killed a seven-headed hydra
 17472 | Lair:2   | Reached skill level 13 in Maces & Flails
 17615 | Lair:2   | Identified the +6 short sword "Xyxepp" {vorpal, Dex+2}
                  | (Trog gifted it to you on level 2 of the Lair of Beasts)
 18237 | Lair:3   | Noticed an eight-headed hydra
 18248 | Lair:3   | Killed an eight-headed hydra
 18433 | Lair:3   | Noticed Rupert
 18447 | Lair:3   | Killed Rupert
 18447 | Lair:3   | Reached XP level 14. HP: 86/86 MP: 14/14
 18677 | Lair:3   | Found a staircase to the Shoals.
 18994 | Lair:3   | Found a hole to the Spider Nest.
 19415 | Lair:3   | Noticed Snorg
 19431 | Lair:3   | Killed Snorg
 20000 | Lair:4   | Reached skill level 10 in Dodging
 20158 | Lair:4   | Received a gift from Trog
 21722 | Lair:5   | Noticed an entropy weaver
 21723 | Lair:5   | Noticed an entropy weaver
 21782 | Lair:5   | Reached skill level 14 in Maces & Flails
 21787 | Lair:5   | Reached skill level 10 in Fighting
 22555 | Lair:5   | Killed an entropy weaver
 22753 | Lair:5   | Found a staircase to the Slime Pits.
 23106 | Lair:6   | Entered Level 6 of the Lair of Beasts
 23115 | Lair:6   | Reached XP level 15. HP: 78/92 MP: 15/15
 23578 | Lair:6   | HP: 4/93 [catoblepas (26)]
 23578 | Lair:6   | HP: 1/93 [catoblepas/blast of calcifying dust (3)]
 24088 | Lair:6   | Reached skill level 10 in Evocations
 24141 | Lair:6   | Received a gift from Trog
 24258 | Lair:6   | Reached skill level 5 in Armour
 24425 | Lair:6   | Noticed Kirke
 24450 | Lair:6   | Killed Kirke
 25249 | Lair:6   | Got a shimmering ring mail
 25253 | Lair:6   | Identified the cursed +1 ring mail of Greater Demons
                  | {Str+2} (You found it on level 6 of the Lair of Beasts)
 25698 | Orc:1    | Entered Level 1 of the Orcish Mines
 26019 | Orc:1    | Received a gift from Trog
 26033 | Orc:1    | Noticed an orc warlord
 26088 | Orc:1    | Demolished by an orc warlord

Illustrated notes

Levels and vault maps discovered:
D:1:      onia_arrival_pentagram, layout_loops_corners
D:2:      layout_basic, lemuel_crystal_altar, uniq_natasha
D:3:      layout_rooms, overflow_temple_1_default,
          gammafunk_temple_overflow_elements, uniq_jessica
D:4:      minmay_opposing_rooms, layout_basic, lemuel_doored_altar,
          old_standard_altar, uniq_menkaure, uniq_blork_the_orc, uniq_eustachio
D:5:      layout_basic, vehumet_crystals, lightli_sewer_entry_pipes,
          minivault_1, kennysheep_generic_room_16
D:6:      layout_loops_ring, kiku_gazebo_garden_becter,
          minmay_temple_entry_poolview, uniq_grinder
D:7:      layout_basic, kennysheep_mini, kennysheep_little_box,
          nicolae_tso_besieged_by_evil, old_standard_altar
D:8:      layout_loops_ring, nicolae_ossuary_entry_giza
D:9:      minmay_the_grid_triangle_9x9_rhombus_thin_mashed
          [minmay_the_grid_triangle_9x9_thin_v,
          minmay_the_grid_triangle_9x9_prize_insulated,
          minmay_the_grid_triangle_9x9_sprig,
          minmay_the_grid_triangle_9x9_windchime], layout_irregular_city
D:10:     layout_gridville, uniq_psyche
D:11:     layout_grid_maze, david_lair_generic, hiddenorc1_lemuel,
          portal_ice_cave_entry_ice_beasts
D:12:     layout_basic, uniq_erolcha
Lair:1:   lemuel_ratsnest, layout_hall_layers, serial_bayou_lagoon_b, uniq_grum
Lair:2:   layout_cave_pods, uniq_gastronok
Lair:3:   layout_regular_city, minmay_shoals_entry_hut, spider_nest_entry_webs,
          lightli_volcano_entry_magma_tube, grunt_forest_large_clearing_hut,
          uniq_snorg, uniq_rupert
Lair:4:   layout_layer_cave
Lair:5:   layout_gridlike, nicolae_slime_entry_slimehenge, wad_woods_antlair,
          grunt_megastairs_1
Lair:6:   evilmike_catoblepas_cave, layout_small_grid, uniq_kirke
Orc:1:    layout_diamond_mine, trog_butcher_becter

Skill      XL: |  1  2  3  4  5  6  7  8  9 10 11 12 13 14 15 |
---------------+----------------------------------------------+-----
Stealth        | 1 2 3 4 5 6 9 10 | 10.3
Dodging        | 3 4 5 6 8 9 10 12 | 12.2
Short Blades   | 5 6 8 9 10 | 10.0
Fighting       | 4 5 6 8 9 10 11 | 11.6
Evocations     | 4 7 8 9 11 | 11.3
Maces & Flails | 3 8 11 13 14 | 14.0
Shields        | 4 5 |  5.6
Armour         | 2 4 5 |  5.0

Action                   |  1- 3 |  4- 6 |  7- 9 | 10-12 | 13-15 || total
-------------------------+-------+-------+-------+-------+-------++-------
Melee: Short sword       |    90 |   114 |       |       |       ||   204
       Dagger            |       |    41 |   350 |   375 |       ||   766
       Flail             |       |       |       |   401 |  1097 ||  1498
       Unarmed           |       |       |       |       |    14 ||    14
Throw: Dart              |    12 |    50 |    15 |    47 |    72 ||   196
Invok: Berserk           |       |     3 |     5 |    16 |    26 ||    50
Evoke: Wand              |       |       |       |       |     3 ||     3
  Use: Scroll            |       |       |       |    18 |    13 ||    31
 Stab: Sleeping          |     8 |    11 |    27 |    33 |    46 ||   125
       Distracted        |       |       |       |       |     4 ||     4
       Petrified         |       |       |       |       |     5 ||     5
       Held in net/web   |       |       |       |       |     1 ||     1
Armor: Animal skin       |     6 |    30 |    37 |     3 |       ||    76
       Chain mail        |       |       |       |    50 |       ||    50
       Ring mail         |       |       |       |   104 |   126 ||   230
Dodge: Dodged            |    43 |    86 |   188 |   521 |   632 ||  1470
Block: Buckler           |       |       |       |    93 |   545 ||   638
       Other             |       |       |       |       |     5 ||     5
       Reflection        |       |       |       |       |     1 ||     1

Table legend: (Time is in decaauts)
 A = Elapsed time spent in this place.
 B = Non-inter-level travel time spent in this place.
 C = Inter-level travel time spent in this place.
 D = Time resting spent in this place.
 E = Time spent auto-exploring this place.
 F = Levels seen in this place.
 G = Mean time per level.
                   A        B        C        D        E       F      G
               +--------+--------+--------+--------+--------+-----+--------+
         Total |  25869 |  24696 |   1173 |   1221 |  19248 |  19 | 1361.5 |
       Dungeon |  15436 |  14656 |    780 |    720 |  11522 |  12 | 1286.3 |
          Lair |  10264 |   9872 |    392 |    501 |   7666 |   6 | 1710.7 |
  Orcish Mines |    168 |    168 |      0 |      0 |     59 |   1 |  168.0 |
               +--------+--------+--------+--------+--------+-----+--------+

Top non-repeatable levels by time:
  Lair:6: 2431 daAuts
    D:11: 2196 daAuts
  Lair:5: 2033 daAuts
  Lair:3: 1928 daAuts
    D:12: 1754 daAuts
     D:9: 1674 daAuts
  Lair:2: 1454 daAuts
     D:7: 1370 daAuts
  Lair:1: 1361 daAuts
     D:1: 1292 daAuts
    D:10: 1291 daAuts
     D:2: 1284 daAuts
     D:5: 1167 daAuts
  Lair:4: 1055 daAuts
     D:6: 930 daAuts
